 Dungeon Crawl Stone Soup version 0.21.1-1-g345015f (webtiles) character file.

552 Monsterracer the Martial Artist (level 7, -5/53 HPs)
             Began as an Octopode Monk on Feb 13, 2018.
             Was a Follower of Okawaru.
             Slain by an ice beast (7 damage)
             ... on level 5 of the Dungeon.
             The game lasted 00:05:30 (3477 turns).

Monsterracer the Martial Artist (Octopode Monk)     Turns: 3477, Time: 00:05:31

Health: -5/53      AC:  3    Str: 10    XL:     7   Next: 29%
Magic:  11/11      EV: 17    Int: 14    God:    Okawaru [*.....]
Gold:   216        SH:  0    Dex: 15    Spells: 6/6 levels left

rFire    + . .     SeeInvis .     - Unarmed
rCold    + . .     Gourm    .   (no shield)
rNeg     . . .     Faith    .   p - +2 hat
rPois    +         Spirit   .   d - amulet of rage
rElec    +         Reflect  .   (no ring)
rCorr    +         Harm     .   (no ring)
MR       .....                  (no ring)
Stlth    +++++.....             (no ring)
HPRegen  0.17/turn              (no ring)
MPRegen  0.12/turn              (no ring)
                                (no ring)
                                (no ring)

@: about to teleport, resistant
A: almost no armour, stealthy swim, amphibious, 8 rings, constrict 8, camouflage
1, gelatinous body 1
a: Heroism, Renounce Religion, Evoke Berserk Rage


You were on level 5 of the Dungeon.
You worshipped Okawaru.
Okawaru was aware of your devotion.
You were not hungry.

You visited 1 branch of the dungeon, and saw 5 of its levels.

You collected 216 gold pieces.

Inventory:

Armour
 p - a +2 hat (worn)
Jewellery
 b - an uncursed ring of fire
 d - an amulet of rage (around mantle)
Scrolls
 i - 2 scrolls of remove curse
Potions
 f - a potion of cancellation
 g - a potion of curing {unknown}
 h - 3 potions of flight
 k - 3 potions of lignification {unknown}
 l - 2 potions of agility
 m - 2 potions of might
 n - a potion of heal wounds {unknown}
 o - a potion of brilliance {unknown}
Comestibles
 c - 8 rations


   Skills:
 + Level 6.8 Fighting
 + Level 6.7 Dodging
 + Level 9.0 Stealth
 * Level 10.0 Unarmed Combat
 + Level 6.2 Invocations
 + Level 0.1 Evocations


You had 6 spell levels left.
You didn't know any spells.

Dungeon Overview and Level Annotations

Branches:
Dungeon (5/15)
 Temple: D:4-7

Altars:
Cheibriados
Fedhas
Kikubaaqudgha
Nemelex Xobeh
Okawaru
Qazlal
Ru
Sif Muna
Uskayaw
Vehumet
Wu Jian


Innate Abilities, Weirdness & Mutations

You cannot wear most types of armour.
You are very stealthy in the water. (Stealth+)
You are amphibious.
You can wear up to eight rings at the same time.
You can use your tentacles to constrict eight enemies at once.
Your skin changes colour to match your surroundings (Stealth+).
Your rubbery body absorbs attacks. (AC +1, EV +1)


Message History

Found an ornate altar of the Wu Jian Council.
No target in view!
No target in view!
You see here a glowing hand axe.
Eating a chunk of flesh.
You eat the chunk of flesh.
This raw flesh tastes terrible.
You see here a scale mail.
c - 8 rations (gained 1)
You see here a scale mail.
Key pressed, stopping explore.
No target in view!
You see here a glowing hand axe.
k - 3 fuming red potions (gained 2)
There is a stone staircase leading up here.
You see here an embroidered robe.
Found an escape hatch in the floor.
Done exploring.
No target in view!
No target in view!
Done exploring.
Found a radiant altar of Vehumet.
There is a stone staircase leading down here.
You climb downwards.
There is a stone staircase leading up here.
You open the door.
There is an open door here.
Found a blossoming altar of Fedhas.
A worker ant zombie comes into view.
Found a stormy altar of Qazlal.
A quokka skeleton comes into view.
There are monsters nearby!
The worker ant zombie barely misses you.
You bludgeon the worker ant zombie! You grab the worker ant zombie.
The worker ant zombie is moderately damaged.
You constrict the worker ant zombie. You bludgeon the worker ant zombie!
The worker ant zombie is almost destroyed.
You constrict the worker ant zombie. The worker ant zombie bites you.
You take 3 damage, and have 50/53 hp.
You bludgeon the worker ant zombie!
You destroy the worker ant zombie!
Okawaru accepts your kill.
You bludgeon the quokka skeleton!
You destroy the quokka skeleton!
No target in view!
HP restored.
An ice beast comes into view.
Health restored: 53 An ice beast is nearby!
An ice beast is nearby!
A centaur comes into view. 2 killer bees and a skeleton come into view.
The centaur shouts!
You hear an angry buzzing noise. x2
The centaur wields a shortbow.
The centaur shoots an arrow.
The arrow completely misses you. 2 killer bees come into view.
The centaur shoots an arrow.
The arrow barely misses you. The ice beast misses you.
A killer bee comes into view.
You see here an arrow.
The centaur shoots an arrow.
The arrow hits you.
You see here an arrow.
You take 5 damage, and have 48/53 hp.
You open the door.
A centaur skeleton comes into view.
The killer bee buzzes angrily. x2
The killer bee closely misses you. The killer bee stings you!
The killer bee closely misses you. The ice beast misses you.
The killer bee buzzes angrily.
You hear an angry hiss.
Found a helmet.
You take 10 damage, and have 39/53 hp.
You tentacle-slap the centaur skeleton but do no damage.
You squeeze the centaur skeleton!
The centaur skeleton is moderately damaged.
The killer bee stings you! The killer bee misses you.
The killer bee stings you.
The ice beast hits you but does no damage.
The killer bee stings you.
* * * LOW HITPOINT WARNING * * *
The centaur skeleton hits you.
* * * LOW HITPOINT WARNING * * *
A killer bee comes into view.
You take 20 damage, and have 19/53 hp.
MASSIVE DAMAGE!!
Okay, then.
Okay, then.
As you read the scroll of teleportation, it crumbles to dust.
You feel strangely unstable. The killer bee misses you.
The killer bee barely misses you. The killer bee closely misses you.
The centaur skeleton hits you.
* * * LOW HITPOINT WARNING * * *
The ice beast misses you. The killer bee misses you.
You take 3 damage, and have 16/53 hp.
You feel protected. The killer bee stings you!
* * * LOW HITPOINT WARNING * * *
The killer bee barely misses you. The centaur skeleton hits you.
* * * LOW HITPOINT WARNING * * *
The killer bee completely misses you. The ice beast hits you.
* * * LOW HITPOINT WARNING * * *
The ice beast freezes you! You resist.
You die...

...^.^.....P.........
....................y
...#####.............
... #.............
... #.............
.... #....(........
..... #yy.(.........
##....##ycy..........
#.....Z@yy...........
#....[##Y............
#.... #Z............
#.## #............. #
##............
...........
#.#....... #.##.....


You could see an ice beast, a centaur, 6 killer bees, a leopard gecko skeleton
and a centaur skeleton.

Vanquished Creatures
  2 orc priests
  An orc wizard (D:3)
  Natasha (thrice) (D:3)
  2 worker ants (D:4)
  A worker ant zombie (D:5)
  3 adders
  2 oozes
  An adder skeleton (D:4)
  3 worms (D:2)
  A dart slug (D:1)
  2 leopard geckos (D:3)
  7 orcs
  2 giant cockroaches
  7 goblins
  2 hobgoblins
  3 jackals (D:3)
  A quokka (D:2)
  3 ball pythons
  6 bats
  3 frilled lizards
  5 kobolds
  A quokka skeleton (D:5)
  8 rats
69 creatures vanquished.

Notes
Turn   | Place    | Note
-------+----------+-------------------------------------------
     0 | D:1      | Monsterracer the Octopode Monk began the quest for the Orb.
     0 | D:1      | Reached XP level 1. HP: 16/16 MP: 1/1
   174 | D:1      | HP: 7/16 [goblin/dagger (4)]
   175 | D:1      | Reached XP level 2. HP: 10/21 MP: 2/2
  1138 | D:2      | Reached skill level 4 in Unarmed Combat
  1201 | D:2      | Reached XP level 3. HP: 24/26 MP: 3/3
  1336 | D:2      | Found an iron altar of Okawaru.
  1339 | D:2      | Found a hide-covered altar of Uskayaw.
  1369 | D:2      | Found a deep blue altar of Sif Muna.
  1393 | D:2      | Became a worshipper of Warmaster Okawaru
  1393 | D:2      | Reached * piety under Okawaru
  1393 | D:2      | Reached ** piety under Okawaru
  1579 | D:2      | Reached XP level 4. HP: 31/31 MP: 4/4
  1853 | D:3      | Reached skill level 5 in Unarmed Combat
  1905 | D:3      | Noticed Natasha
  1915 | D:3      | Reached skill level 5 in Fighting
  1915 | D:3      | Reached skill level 5 in Dodging
  1915 | D:3      | Reached skill level 8 in Unarmed Combat
  1915 | D:3      | Reached XP level 5. HP: 21/40 MP: 4/8
  1918 | D:3      | HP: 20/40 [jackal (2)]
  1928 | D:3      | HP: 11/40 [iron imp[Natasha] (10)]
  1929 | D:3      | Reached skill level 9 in Unarmed Combat
  1929 | D:3      | Reached XP level 6. HP: 13/47 MP: 5/10
  1930 | D:3      | HP: 2/47 [iron imp[Natasha] (11)]
  1935 | D:3      | HP: 2/47 [Natasha (1)]
  1936 | D:3      | Killed Natasha
  1957 | D:3      | Noticed Natasha
  2280 | D:3      | Killed Natasha
  2291 | D:3      | Found a snail-covered altar of Cheibriados.
  2366 | D:3      | Found a sacrificial altar of Ru.
  2445 | D:3      | Noticed Natasha
  2460 | D:3      | Killed Natasha
  2521 | D:3      | HP: 23/47 [orc wizard/magic dart (7)]
  2523 | D:3      | Reached skill level 10 in Unarmed Combat
  2523 | D:3      | Reached XP level 7. HP: 26/53 MP: 11/11
  2783 | D:4      | Found an ancient bone altar of Kikubaaqudgha.
  3098 | D:4      | Found a sparkling altar of Nemelex Xobeh.
  3307 | D:4      | Found an ornate altar of the Wu Jian Council.
  3407 | D:4      | Found a radiant altar of Vehumet.
  3428 | D:5      | Entered Level 5 of the Dungeon
  3437 | D:5      | Found a blossoming altar of Fedhas.
  3439 | D:5      | Found a stormy altar of Qazlal.
  3475 | D:5      | HP: 22/53 [killer bee (6)]
  3477 | D:5      | HP: 7/53 [killer bee (9)]
  3477 | D:5      | HP: 3/53 [centaur skeleton (4)]
  3477 | D:5      | Slain by an ice beast

Skill      XL: |  1  2  3  4  5  6  7 |
---------------+----------------------+-----
Unarmed Combat | 4 8 9 10 | 10.0
Fighting       | 5 6 |  6.8
Dodging        | 5 6 |  6.7
Stealth        | 7 8 9 |  9.0
Invocations    | 4 6 |  6.2
Evocations     | |  0.1

Action                   |  1- 3 |  4- 6 |  7- 9 || total
-------------------------+-------+-------+-------++-------
Melee: Unarmed           |    58 |    63 |    20 ||   141
       Constrict         |    14 |    15 |     8 ||    37
       Tentacles         |    10 |     9 |     4 ||    23
       Punch             |     2 |     5 |       ||     7
Invok: Heroism           |       |     1 |       ||     1
  Use: Scroll            |     9 |     3 |     4 ||    16
       Potion            |       |     2 |     1 ||     3
 Stab: Sleeping          |    11 |     5 |     2 ||    18
  Eat: Chunk             |     1 |     4 |     3 ||     8
Armor: Skin              |     2 |     6 |     1 ||     9
Dodge: Dodged            |    22 |    39 |    25 ||    86

Vault maps used:
D:1:      minmay_arrival_widening_spiral_wide
D:2:      minitemple, kennysheep_decorative_pillar, okawaru_ov_weapons_minmay
D:3:      nicolae_ru_the_path_less_chosen, cheibriados_altar_1, first_ration,
          uniq_natasha
D:4:      nicolae_overflow_hidden_temple, nemelex_spade_bored_becter
D:5:      grunt_temple_overflow_forces_of_nature,
          nicolae_dithmenos_the_darkroom, uniq_eustachio
